 Dungeon Crawl Stone Soup version 0.17.0-28-g6e173f8 (webtiles) character file.

130 fredomojojo the Ducker (level 4, -2/42 HPs)
             Began as a Troll Gladiator on Nov 22, 2015.
             Slain by a centaur (3 damage)
             ... on level 3 of the Dungeon.
             The game lasted 00:18:55 (1839 turns).

fredomojojo the Ducker (Troll Gladiator)            Turns: 1839, Time: 00:18:58

Health: -2/42      AC:  5    Str: 23    XL:     4   Next: 89%
Magic:  3/3        EV: 11    Int:  4    God:
Gold:   138        SH:  0    Dex: 11    Spells: 0 memorised, 3 levels left

rFire  . . .     SeeInvis .     a - +0 war axe
rCold  . . .     Clarity  .     b - +0 robe
rNeg   . . .     SustAt   .     (no shield)
rPois  .         Gourm    +     c - +0 hat
rElec  .         Spirit   .     (no cloak)
rCorr  .         Warding  .     (gloves unavailable)
rMut   .         Stasis   .     (boots unavailable)
MR     .....                    (no amulet)
Stlth  +.........               (no ring)
                                (no ring)

@: lethally poisoned (-2 -> -14), not resistant to hostile enchantments, very
unstealthy
A: unfitting armour, claws 3, fast metabolism 3, gourmand, regeneration 2,
shaggy fur 1, tough skin 2
a: no special abilities


You were on level 3 of the Dungeon.
You were very full.

You visited 1 branch of the dungeon, and saw 4 of its levels.

You collected 138 gold pieces.

Inventory:

Hand Weapons
 a - a +0 war axe (weapon)
Missiles
 d - 3 throwing nets (quivered)
Armour
 b - a +0 robe (worn)
 c - a +0 hat (worn)
Jewellery
 j - an uncursed ring of loudness
 o - an uncursed amulet of rage {unknown}
Scrolls
 g - a scroll of fear {unknown}
 i - a scroll of remove curse
 l - 2 scrolls of enchant weapon {unknown}
 m - a scroll of magic mapping {unknown}
 p - a scroll of recharging {unknown}
Potions
 f - a potion of lignification
 h - 3 potions of brilliance
Comestibles
 e - 4 bread rations
 k - 8 chunks of flesh
 n - a beef jerky


   Skills:
 + Level 2.2 Fighting
 + Level 3.3 Axes
 + Level 1.8 Throwing
 + Level 3.6 Dodging
 + Level 0.1 Stealth


You had 3 spell levels left.
You didn't know any spells.

Dungeon Overview and Level Annotations

Branches:
Dungeon (4/15)
 Temple: D:4-7

Altars:
Fedhas
Nemelex Xobeh
Xom
The Shining One


Innate Abilities, Weirdness & Mutations

You are too large for most types of armour.
You have claws for hands.
Your metabolism is lightning-fast.
You like to eat raw meat.
You heal very quickly.
You are covered in fur (AC +1).
You have very tough skin (AC +2).


Message History

The centaur hits you.
* * * LOW HITPOINT WARNING * * *
You hit the centaur.
The centaur is moderately wounded.
* * * LOW HITPOINT WARNING * * *
You feel very sick.
The centaur hits you but does no damage. x2
You barely miss the centaur.
The centaur is moderately wounded.
* * * LOW HITPOINT WARNING * * *
You feel very sick. The centaur barely misses you.
The centaur closely misses you.
You hit the centaur.
The centaur is moderately wounded.
* * * LOW HITPOINT WARNING * * *
You feel very sick. The centaur hits you.
* * * LOW HITPOINT WARNING * * *
The centaur hits you.
You die...

#.# #.# #.# #.# #.#
#.# #.#
###################.#
......c@((.((.......#
#####################


You could see a centaur.

Vanquished Creatures
  An orc priest (D:3)
  3 adders (D:2)
  A gnoll (D:3)
  An ooze (D:3)
  2 worms
  4 giant geckos
  5 orcs (D:3)
  A bat (D:1)
  4 hobgoblins (D:2)
  2 jackals (D:2)
  A ball python (D:3)
  A giant newt (D:2)
  7 goblins
  10 kobolds
  11 rats
54 creatures vanquished.

Notes
Turn   | Place    | Note
--------------------------------------------------------------
     0 | D:1      | fredomojojo the Troll Gladiator began the quest for the Orb.
     0 | D:1      | Reached XP level 1. HP: 19/19 MP: 0/0
   226 | D:1      | Reached XP level 2. HP: 19/28 MP: 1/1
   516 | D:2      | Found a shimmering altar of Xom.
   525 | D:2      | Found a blossoming altar of Fedhas.
   527 | D:2      | Found a sparkling altar of Nemelex Xobeh.
   612 | D:2      | Reached skill level 3 in Dodging
   612 | D:2      | Reached XP level 3. HP: 28/35 MP: 2/2
   641 | D:2      | Found a faded altar to an unknown god.
  1122 | D:2      | Found a glowing golden altar of the Shining One.
  1261 | D:3      | Reached XP level 4. HP: 36/42 MP: 3/3
  1831 | D:3      | Noticed a centaur
  1839 | D:3      | HP: 2/42 [poisoned by a centaur]
  1839 | D:3      | Slain by a centaur

Action                   |  1- 3 |  4- 6 || total
-------------------------+-------+-------++-------
Melee: War axe           |   128 |    57 ||   185
Throw: Throwing net      |       |     1 ||     1
  Use: Scroll            |     5 |       ||     5
  Eat: Chunk             |    14 |     8 ||    22
